 Dungeon Crawl Stone Soup version 0.16-a0-296-gbdb9f68 (webtiles) character file.

212 Kashira the Gusty (level 5, -6/28 HPs)
             Began as a Tengu Air Elementalist on Aug 29, 2014.
             Mangled by a worker ant (7 damage)
             ... on Level 3 of the Dungeon.
             The game lasted 00:14:30 (3153 turns).

Kashira the Gusty (Tengu Air Elementalist)          Turns: 3153, Time: 00:14:30

HP  -6/28        AC  2     Str  9      XL: 5   Next: 89%
MP   9/13        EV 13     Int 16      God:
Gold 68          SH  0     Dex 14      Spells:  1 memorised, 10 levels left

rFire  . . .     SeeInvis .     t - +0 short sword (elec)
rCold  . . .     Clarity  .     a - +0 robe
rNeg   . . .     rCorr    .     (no shield)
rPois  .         rRot     .     (helmet restricted)
rElec  .         Spirit   .     (no cloak)
SustAb .         Warding  .     (no gloves)
rMut   .         Stasis   .     (boots unavailable)
Gourm  .                        (no amulet)
MR     .....                    (no ring)
                                (no ring)

@: very slightly contaminated, not resistant to hostile enchantments, unstealthy
A: able to fly, beak, horns 1, talons 3
a: Fly


You were on level 3 of the Dungeon.
You were not hungry.

You visited 1 branch of the dungeon, and saw 4 of its levels.

You collected 68 gold pieces.

Inventory:

Hand weapons
 h - a +0 short sword
 r - a +1 dagger of venom
 t - a +0 short sword of electrocution (weapon)
Missiles
 d - 2 tomahawks (quivered)
Armour
 a - a +0 robe (worn)
Magical devices
 e - a wand of flame (17) {unknown}
Comestibles
 c - 3 bread rations
 f - 2 chunks of hobgoblin flesh
Scrolls
 k - a scroll of remove curse
Jewellery
 j - an uncursed ring of protection from cold {unknown}
Potions
 m - a potion of resistance
 q - a potion of lignification {unknown}
Books
 b - a book of Air

   Spells                             Type                      Level
   *Shock                             Conjuration/Air              1
   Swiftness                          Charms/Air                   2
   Repel Missiles                     Charms/Air                   2
   Flight                             Charms/Air                   3
   Static Discharge                   Conjuration/Air              3
   Lightning Bolt                     Conjuration/Air              5


   Skills:
 + Level 0.2 Short Blades
 + Level 2.7 Dodging
 + Level 2.3 Stealth
 + Level 3.5 Spellcasting
 + Level 3.6 Conjurations
 + Level 5.5 Air Magic


You had 10 spell levels left.
You knew the following spells:

 Your Spells              Type           Power        Failure   Level  Hunger
a - Shock                 Conj/Air       ###.         2%          1    None


Dungeon Overview and Level Annotations

Branches:
Dungeon (4/15)
 Temple: D:4-7

Altars:
Vehumet


Innate Abilities, Weirdness & Mutations

You can fly.
You have a beak for a mouth.
You have claws for feet.
You have a pair of small horns on your head.


Message History

* * * LOW HITPOINT WARNING * * *
Casting: Shock
Confirm with . or Enter, or press ? or * to list all spells.
Aiming: Shock
Press: ? - help, Shift-Dir - straight line, p - orc priest You miscast Shock.
You are very lightly contaminated with residual magic.
You smell something strange.
The worker ant bites you but does no damage.
The orc hits you.
* * * LOW HITPOINT WARNING * * *
The orc priest closely misses you.
Casting: Shock
Confirm with . or Enter, or press ? or * to list all spells.
Aiming: Shock
Press: ? - help, Shift-Dir - straight line The zap hits the orc priest.
The orc priest is heavily wounded.
The worker ant bites you!
You die...

#.# #.# #.#.#..... #.# #.#
#.#.#.#### ##.#### #.#
#.#.#.## ......# #.#
#)#....### ##.##.###### #.#
#......... ............# #.#
###....### .###.######. #.#
#.#.## .# #.# ##o# ######.#.#
.###.# #.# #a@# #........#
.....# .#. #o## #.#####)##
###### .. #.# #.# #.# #. #.#
#.# #.# #####.## #.# #.# #.#
........# #.# #.# #.#
####....#...###.#####.# #.#
......................#####.#
..##..#._.#.###.##..........#


You could see a worker ant, an orc priest and an orc.

Vanquished Creatures
  A hound (D:3)
  4 adders
  4 gnolls (D:2)
  A giant mite (D:2)
  2 worms (D:2)
  11 orcs (D:3)
  4 giant cockroaches
  7 hobgoblins
  7 kobolds
  An ooze (D:3)
  3 quokkas
  A ball python (D:1)
  9 bats
  4 giant newts
  8 goblins
  6 jackals
  6 rats
79 creatures vanquished.

Notes
Turn   | Place    | Note
--------------------------------------------------------------
     0 | D:1      | Kashira, the Tengu Air Elementalist, began the quest for the Orb.
     0 | D:1      | Reached XP level 1. HP: 10/10 MP: 3/3
   263 | D:1      | Reached XP level 2. HP: 15/15 MP: 1/5
  1029 | D:2      | Reached XP level 3. HP: 12/19 MP: 0/7
  1277 | D:2      | Reached XP level 4. HP: 16/24 MP: 0/9
  1828 | D:2      | Reached skill level 5 in Air Magic
  2024 | D:2      | Reached XP level 5. HP: 28/28 MP: 0/13
  2277 | D:3      | Noticed a water moccasin
  3077 | D:3      | Found a radiant altar of Vehumet.
  3150 | D:3      | Gained mutation: You have a pair of small horns on your head. [potion of mutation]
  3150 | D:3      | Gained mutation: You have a pair of horns on your head. [potion of mutation]
  3150 | D:3      | Lost mutation: You have a pair of horns on your head. [potion of mutation]
  3152 | D:3      | HP: 1/28 [orc (1)]
  3153 | D:3      | Mangled by a worker ant

Action                   |  1- 3 |  4- 6 || total
-------------------------+-------+-------++-------
Melee: Unarmed           |     2 |       ||     2
       Short sword       |    12 |     8 ||    20
 Cast: Shock             |    68 |   117 ||   185
  Use: Scroll            |       |     8 ||     8
       Potion            |       |     3 ||     3
  Eat: Chunk             |     2 |     6 ||     8
